 Dungeon Crawl Stone Soup version 0.31-a0-818-ge7c7cf74f0 (webtiles) character file.

Game seed: 16769321587150906847

52 Bnni the Vexing (level 4, 0/32 HPs)
             Began as a Formicid Hexslinger on Sept 23, 2023.
             Slain by Ijyb
             ... wielding a +0 dagger
              (6 damage)
             ... on level 2 of the Dungeon.
             The game lasted 00:01:45 (1011 turns).

Bnni the Vexing (Formicid Hexslinger)               Turns: 1011, Time: 00:01:46

Health: 0/32       AC:  3    Str: 12    XL:     4   Next: 8%
Magic:  3/6        EV: 12    Int: 13    God:
Gold:   54         SH:  0    Dex: 18    Spells: 3/5 levels left

rFire   . . .        a - +1 sling
rCold   . . .        (no shield)
rNeg    . . .        c - +0 robe
rPois   .            (helmet unavailable)
rElec   .            (no cloak)
rCorr   .            (no gloves)
SInv    +            f - +0 pair of boots
Will    .....        (no amulet)
Stlth   ++           (no ring)
HPRegen 0.25/turn    (no ring)
MPRegen 0.10/turn

%: no passive effects
@: weak-willed
A: permanent stasis, dig shafts and tunnels, antennae 3, four strong arms
a: Dig, Shaft Self


You were on level 2 of the Dungeon.
You visited 1 branch of the dungeon, and saw 2 of its levels.

You collected 54 gold pieces.

Inventory:

Hand Weapons
 a - a +1 sling (weapon)
Missiles
 k - 7 poisoned darts
Armour
 c - a +0 robe (worn)
 f - a +0 pair of boots (worn)
Scrolls
 b - 2 scrolls of poison
 d - a scroll of teleportation {unknown}
 e - a scroll of enchant weapon {unknown}
Potions
 g - a potion of brilliance {unknown}
 h - a potion of ambrosia {unknown}
 i - 3 potions of curing {unknown}
 j - 2 potions of degeneration {unknown}


   Skills:
 + Level 1.5 Fighting
 * Level 2.5 Ranged Weapons
 - Level 1.7 Dodging
 + Level 1.4 Spellcasting
 * Level 4.3 Hexes
 * Level 1.9 Fire Magic


You had 3 spell levels left.
You knew the following spells:

 Your Spells              Type           Power      Damage    Failure   Level
a - Jinxbite              Hex            24%        N/A       7%          2

Your spell library contained the following spells:

 Spells                   Type           Power      Damage    Failure   Level
 Sigil of Binding         Hex            12%        N/A       14%         3
 Inner Flame              Hex/Fire       9%         N/A       22%         3
 Cause Fear               Hex            6%         N/A       41%         4
 Dimensional Bullseye     Hex/Tloc       3%         N/A       73%         4


Dungeon Overview and Level Annotations

Branches:
Dungeon (2/15)

Altars:

Annotations:
D:2 Ijyb


Innate Abilities, Weirdness & Mutations

You cannot be hasted, slowed, berserked, paralysed or teleported.
You can dig through walls and to a lower floor.
You have a pair of large antennae on your head. (SInv)
Your four strong arms can wield two-handed weapons with a shield.


Message History

The sling bullet hits Ijyb but does no damage.
Ijyb is severely wounded.
Ijyb hits you with a +0 dagger.
* * * LOW HITPOINT WARNING * * *
Fire: a) +1 sling
Press: ? - help, Shift-Dir - straight line, f/p - Ijyb
Aim: Ijyb, wielding a +0 dagger, wearing a +0 ring mail and carrying a wand of mindburst (severely wounded, heavily drained, 57% to hit)
You shoot a sling bullet. The sling bullet hits Ijyb.
Ijyb is almost dead.
Ijyb zaps a wand.
You barely resist.
Fire: a) +1 sling
Press: ? - help, Shift-Dir - straight line, f/p - Ijyb
Aim: Ijyb, wielding a +0 dagger, wearing a +0 ring mail and carrying a wand of mindburst (almost dead, heavily drained, 57% to hit)
You shoot a sling bullet. The sling bullet closely misses Ijyb.
Ijyb hits you but does no damage. Ijyb hits you with a +0 dagger.
* * * LOW HITPOINT WARNING * * *
Fire: a) +1 sling
Press: ? - help, Shift-Dir - straight line, f/p - Ijyb
Aim: Ijyb, wielding a +0 dagger, wearing a +0 ring mail and carrying a wand of mindburst (almost dead, heavily drained, 57% to hit)
You shoot a sling bullet. The sling bullet closely misses Ijyb.
Ijyb hits you but does no damage.
Unknown command.
Fire: a) +1 sling
Press: ? - help, Shift-Dir - straight line, f/p - Ijyb
Aim: Ijyb, wielding a +0 dagger, wearing a +0 ring mail and carrying a wand of mindburst (almost dead, heavily drained, 57% to hit)
You shoot a sling bullet. The sling bullet hits Ijyb.
Ijyb is almost dead.
Ijyb seems less drained.
Ijyb barely misses you.
Fire: a) +1 sling
Press: ? - help, Shift-Dir - straight line, f/p - Ijyb
Aim: Ijyb, wielding a +0 dagger, wearing a +0 ring mail and carrying a wand of mindburst (almost dead, 57% to hit)
You shoot a sling bullet. The sling bullet closely misses Ijyb.
Ijyb zaps a wand.
You barely resist.
Unknown command.
Fire: a) +1 sling
Press: ? - help, Shift-Dir - straight line, f/p - Ijyb
Aim: Ijyb, wielding a +0 dagger, wearing a +0 ring mail and carrying a wand of mindburst (almost dead, 57% to hit)
You shoot a sling bullet. The sling bullet closely misses Ijyb.
Ijyb hits you with a +0 dagger.
You die...

#....g..##......# #......
#.......##......###....#.
#.....g..................
#...##.###.............[.
#.....#........#...........##..
#..>..#....#.#.#...........##..
#.....#....#...#.....#.....##..
#.....##.#.#####.....#.########
#.....##.#.))g@'.....#.#
#.....##.#######.....#.#
#.....##.#.............#
#........#.#############
#.....##.#.##........
......#.####.##.###
#####.#....#......# #
####.####.#.# #......#.#


You could see Ijyb.

Vanquished Creatures
  4 dart slugs (D:1)
  3 ball pythons (D:1)
  3 endoplasms (D:1)
  13 goblins
  5 hobgoblins (D:1)
  A kobold (D:1)
  A quokka (D:1)
  3 bats (D:1)
  3 frilled lizards (D:1)
  5 rats
41 creatures vanquished.

Notes
Turn   | Place    | Note
-------+----------+-------------------------------------------
     0 | D:1      | Bnni the Formicid Hexslinger began the quest for the Orb.
     0 | D:1      | Reached XP level 1. HP: 15/15 MP: 2/2
   121 | D:1      | Reached XP level 2. HP: 16/21 MP: 3/3
   314 | D:1      | Reached skill level 4 in Hexes
   418 | D:1      | Reached XP level 3. HP: 26/26 MP: 4/4
   447 | D:1      | Learned a level 2 spell: Jinxbite
   985 | D:2      | Noticed Ijyb
  1000 | D:2      | Reached XP level 4. HP: 32/32 MP: 4/6
  1011 | D:2      | Slain by Ijyb

Illustrated notes

Levels and vault maps discovered:
D:1:      dpeg_arrival_rooms_a, layout_basic, minmay_hexomino_c4
D:2:      kennysheep_the_goblin_king, layout_basic, uniq_jessica

Skill      XL: |  1  2 |
---------------+-------+-----
Hexes          | 4 |  4.3
Fighting       | |  1.5
Ranged Weapons | |  2.5
Dodging        | |  1.7
Spellcasting   | |  1.4
Fire Magic     | |  1.9

Action                     |  1- 3 |  4- 6 || total
---------------------------+-------+-------++-------
   Fire: Sling             |    93 |    11 ||   104
   Cast: Jinxbite          |     1 |     1 ||     2
Ability: Dig               |     1 |       ||     1
 Armour: Robe              |    14 |     6 ||    20
  Dodge: Dodged            |    18 |     3 ||    21

Table legend: (Time is in decaauts)
 A = Elapsed time spent in this place.
 B = Non-inter-level travel time spent in this place.
 C = Inter-level travel time spent in this place.
 D = Time resting spent in this place.
 E = Time spent auto-exploring this place.
 F = Levels seen in this place.
 G = Mean time per level.
                   A        B        C        D        E       F      G
               +--------+--------+--------+--------+--------+-----+--------+
         Total |   1040 |    969 |     71 |      0 |    758 |   2 |  520.0 |
       Dungeon |   1040 |    969 |     71 |      0 |    758 |   2 |  520.0 |
               +--------+--------+--------+--------+--------+-----+--------+

Top non-repeatable levels by time:
     D:1: 936 daAuts
     D:2: 103 daAuts
